 Dungeon Crawl Stone Soup version 0.28.0-47-ge53b351184 (webtiles) character file.

Game seed: 12180347942223231207

306 Gabide the Grave Robber (level 6, 0/46 HPs)
             Began as a Mummy Necromancer on May 6, 2022.
             Was a Believer of Nemelex Xobeh.
             Killed from afar by an orc wizard (15 damage)
             ... with a puff of flame
             ... on level 4 of the Dungeon.
             The game lasted 00:10:20 (4285 turns).

Gabide the Grave Robber (Mummy Necromancer)         Turns: 4285, Time: 00:10:21

Health: 0/46       AC:  2    Str: 11    XL:     6   Next: 16%
Magic:  12/12      EV: 12    Int: 16    God:    Nemelex Xobeh [**....]
Gold:   192        SH:  0    Dex: 13    Spells: 0/13 levels left

rFire   x . .      SeeInvis .   e - +2 dagger (drain)
rCold   + . .      Faith    .   (no shield)
rNeg    + + +      Spirit   .   a - +0 robe
rPois   ∞          Reflect  .   (no helmet)
rElec   .          Harm     .   (no cloak)
rCorr   .          Rampage  .   (no gloves)
Will    .....                   (no boots)
Stlth   ++........              (no amulet)
HPRegen 0.15/turn               (no ring)
MPRegen 0.13/turn               (no ring)

@: no status effects
A: cold resistance 1, negative energy resistance 3, torment resistance 2, heat
vulnerability 1, no potions
a: Renounce Religion, Draw Escape, Draw Destruction, Draw Summoning


You were on level 4 of the Dungeon.
You worshipped Nemelex Xobeh.
Nemelex Xobeh was pleased with you.
You visited 1 branch of the dungeon, and saw 4 of its levels.

You collected 192 gold pieces.

Inventory:

Hand Weapons
 e - a +2 dagger of draining (weapon)
Armour
 a - a +0 robe (worn)
Scrolls
 b - 2 scrolls of enchant weapon {unknown}
 c - a scroll of torment {unknown}
 d - 2 scrolls of identify {unknown}
 f - a scroll of teleportation {unknown}
 g - 2 scrolls of vulnerability {unknown}
 h - a scroll of amnesia {unknown}


   Skills:
 * Level 2.6 Fighting
 * Level 2.9 Dodging
 - Level 1.5 Stealth
 * Level 4.4 Spellcasting
 * Level 5.0 Necromancy
 + Level 1.3 Invocations


You couldn't memorise any spells.
You knew the following spells:

 Your Spells              Type           Power      Damage    Failure   Level
a - Pain                  Necr           76%        1d7       1%          1
b - Vampiric Draining     Necr           19%        2d7       6%          3
c - Animate Dead          Necr           9%         N/A       21%         4
d - Agony                 Necr           19%        N/A       50%         5

Your spell library contained the following spells:

 Spells                   Type           Power      Damage    Failure   Level
 Animate Skeleton         Necr           38%        N/A       1%          1
 Scorch                   Fire           6%         2d5       24%         2
 Flame Wave               Conj/Fire      3%         2d4       85%         4
 Summon Cactus Giant      Summ           1%         N/A       100%        6


Dungeon Overview and Level Annotations

Branches:
Dungeon (4/15)
 Temple: D:4-7

Altars:
Nemelex Xobeh


Innate Abilities, Weirdness & Mutations

You are immune to poison.
Your flesh is cold resistant. (rC+)
You are immune to negative energy. (rN+++)
You are immune to unholy pain and torment.
You are vulnerable to heat. (rF-)
You do not drink.


Message History

You are too injured to fight recklessly!
You are too injured to fight recklessly!
You are too injured to fight recklessly!
You are too injured to fight recklessly!
You are too injured to fight recklessly!
You draw a card...
You have drawn Wild Magic.
The water moccasin skeleton emits a flash of light.
You feel a surge of magic. The water moccasin skeleton bites you!
* * * LOW HITPOINT WARNING * * *
Press: ? - help, v - describe, . - travel
Here: a water moccasin skeleton (heavily damaged)
The floor.
Unknown command.
Unknown command.
You draw a card...
You have drawn the Storm.
A fierce wind blows from the card.
The water moccasin skeleton is blown away by the wind.
You hear a mighty peal of thunder!
You draw a card...
You have drawn the Illusion.
Suddenly you stand beside yourself.
The water moccasin skeleton closely misses you.
You swap places.
The water moccasin skeleton barely misses Gabide's illusion.
The water moccasin skeleton bites Gabide's illusion.
Gabide's illusion hits the water moccasin skeleton.
The water moccasin skeleton misses Gabide's illusion.
Gabide's illusion hits the water moccasin skeleton.
The water moccasin skeleton bites Gabide's illusion.
An orc comes into view. It is wielding a +0 flail.
Gabide's illusion hits the water moccasin skeleton.
The water moccasin skeleton bites Gabide's illusion.
Gabide's illusion hits the water moccasin skeleton.
The water moccasin skeleton barely misses Gabide's illusion.
An orc wizard comes into view. It is wielding a +0 dagger.
Something barely misses Gabide's illusion.
Gabide's illusion hits the water moccasin skeleton.
The water moccasin skeleton is destroyed!
The orc wizard casts a spell at you. The puff of flame hits you!
The fire burns you terribly!
You die...
Your body disappears without a glow.

######### #########
........########........
##########.##....@..........
#..........o.....##.###.##..
.##.####....>...@..##.#
.....
.........##.>.#.##.##.##...#
.##.###..#.###<.##...>.....#
.# #..#.# #......#.##...#
##.# #..#.###..##.##.# .##
<..# #........###.##.. ..
.#..# ##.#.#.#.# #.##### ##
.#..# #.#.#.#.###.# .#..##
#...........#


You could see an orc wizard and the friendly Gabide's illusion (summoned).

Vanquished Creatures
  Jessica (D:2)
  An iguana (D:2)
  Natasha (thrice) (D:3)
  Terence (D:2)
  A hound skeleton (D:2)
  8 adders
  An adder zombie (D:2)
  A worm (D:3)
  A dart slug (D:1)
  7 ball pythons
  4 bats
  A bat zombie (D:2)
  2 endoplasms
  6 giant cockroaches
  3 goblins
  10 hobgoblins
  3 jackals (D:1)
  A kobold (D:2)
  2 quokkas
  A ball python skeleton (D:2)
  2 frilled lizards (D:2)
  2 giant cockroach zombies (D:2)
  2 quokka skeletons (D:2)
  3 rats
67 creatures vanquished.

Vanquished Creatures (collateral kills)
  A water moccasin skeleton (D:4)
1 creature vanquished.

Vanquished Creatures (others)
  2 fungi (D:2)
  A withered plant (D:2)
3 creatures vanquished.

Grand Total: 71 creatures vanquished

Notes
Turn   | Place    | Note
-------+----------+-------------------------------------------
     0 | D:1      | Gabide the Mummy Necromancer began the quest for the Orb.
     0 | D:1      | Reached XP level 1. HP: 13/13 MP: 4/4
   287 | D:1      | Reached XP level 2. HP: 20/20 MP: 3/5
   468 | D:1      | Found a faded altar of an unknown god.
   478 | D:1      | Prayed at the altar of an unknown god.
   478 | D:1      | Became a worshipper of Nemelex Xobeh the Trickster
   478 | D:1      | Reached * piety under Nemelex Xobeh
   496 | D:1      | Received a gift from Nemelex Xobeh
   561 | D:1      | Reached skill level 1 in Fighting
  1104 | D:2      | Reached XP level 3. HP: 24/26 MP: 4/7
  1331 | D:2      | Reached XP level 4. HP: 14/33 MP: 0/9
  1835 | D:2      | Noticed Jessica
  1843 | D:2      | Killed Jessica
  1916 | D:2      | Reached XP level 5. HP: 34/38 MP: 6/10
  2000 | D:2      | Learned a level 3 spell: Vampiric Draining
  2005 | D:2      | Learned a level 4 spell: Animate Dead
  2389 | D:2      | Noticed Terence
  2395 | D:2      | Killed Terence
  2396 | D:2      | Reached skill level 1 in Invocations
  2789 | D:2      | Reached ** piety under Nemelex Xobeh
  3509 | D:3      | Noticed Natasha
  3514 | D:3      | Killed Natasha
  3520 | D:3      | Noticed Natasha
  3529 | D:3      | Killed Natasha
  3530 | D:3      | Reached XP level 6. HP: 28/46 MP: 3/12
  3812 | D:3      | Received a gift from Nemelex Xobeh
  3905 | D:3      | Noticed Natasha
  3910 | D:3      | Killed Natasha
  3911 | D:3      | Reached skill level 5 in Necromancy
  4100 | D:3      | Learned a level 5 spell: Agony
  4285 | D:4      | Killed from afar by an orc wizard

Illustrated notes

Levels and vault maps discovered:
D:1:      minmay_arrival_glassed_features, layout_basic,
          shapermc_ecumenical_altar_mp_highgroup
D:2:      layout_basic, serial_undead, serial_undead_e, serial_undead_c,
          serial_undead_d, serial_undead_d, minmay_shallow_snake_nest,
          uniq_terence, uniq_jessica
D:3:      layout_loops_corners, uniq_natasha
D:4:      layout_loops_ring, amcnicky_altar_gilded,
          mainiacjoe_overflow_surrounded_room

Skill      XL: |  1  2  3  4  5  6 |
---------------+-------------------+-----
Spellcasting   | 3 4 |  4.4
Fighting       | 1 2 |  2.6
Dodging        | 2 |  2.9
Invocations    | 1 |  1.3
Necromancy     | 5 |  5.0
Stealth        | |  1.5

Action                   |  1- 3 |  4- 6 || total
-------------------------+-------+-------++-------
Melee: Unarmed           |    45 |    25 ||    70
       Dagger            |       |    34 ||    34
 Cast: Pain              |    54 |    66 ||   120
       Vampiric Draining |       |     7 ||     7
       Animate Dead      |       |     3 ||     3
Invok: Draw Destruction  |     2 |     4 ||     6
       Draw Summoning    |       |     1 ||     1
 Stab: Distracted        |       |     1 ||     1
       Sleeping          |       |     1 ||     1
Armor: Robe              |    13 |     9 ||    22
Dodge: Dodged            |    43 |    42 ||    85
